 Dungeon Crawl Stone Soup version 0.29.0-4-gdea44cf6ec (webtiles) character file.

Game seed: 8179425474450231018

55 qw the Chopper (level 3, -1/29 HPs)
             Began as a Barachi Chaos Knight on Sept 6, 2022.
             Slain by Terence
             ... wielding a +1 flail of venom
              (2 damage)
             ... on level 2 of the Dungeon.
             The game lasted 00:00:40 (1127 turns).

qw the Chopper (Barachi Chaos Knight)               Turns: 1127, Time: 00:00:40

Health: -1/29      AC:  8    Str: 15    XL:     3   Next: 93%
Magic:  3/3        EV:  6    Int: 12    God:
Gold:   56         SH:  0    Dex: 11    Spells: 2/2 levels left

rFire   + . .      SeeInvis .   Y - +0 hand axe (chaos)
rCold   . . .      Faith    .   (no shield)
rNeg    . . .      Spirit   .   b - +0 chain mail
rPois   .          Reflect  .   (no helmet)
rElec   .          Harm     .   (no cloak)
rCorr   .          Rampage  .   (no gloves)
Will    .....                   (no boots)
Stlth   ..........              (no amulet)
HPRegen 0.09/turn               d - ring of protection from fire
MPRegen 0.08/turn               (no ring)

@: lethally poisoned (-1 -> -20), slow
A: amphibious, slowness 1, strong legs 1, +LOS
a: Hop


You were on level 2 of the Dungeon.
You visited 1 branch of the dungeon, and saw 3 of its levels.

You collected 56 gold pieces.


Innate Abilities, Weirdness & Mutations

You are amphibious.
You cover ground slowly.
You can hop short distances.
You have an extended range of vision and can be seen from far away.


   Skills:
 - Level 3.6 Fighting
 + Level 5.2 Axes
 - Level 2.4 Armour
 - Level 1.1 Dodging


You had 2 spell levels left.
You didn't know any spells.
Your spell library was empty.

Inventory:

Hand Weapons
 e - a +0 club
 Y - a +0 hand axe of chaos (weapon)
Armour
 b - a +0 chain mail (worn)
Jewellery
 a - a ring of fire
 d - a ring of protection from fire (left hand)
Potions
 f - 2 potions of degeneration {unknown}
 g - a potion of ambrosia {unknown}
Miscellaneous
 c - a piece from Xom's chessboard (15/15)

Dungeon Overview and Level Annotations

Branches:
Dungeon (3/15)

Altars:

Annotations:
D:2 Terence


Message History

An endoplasm is nearby!
1068 ||| Stepping ~*~*~tactically~*~*~ (stealth).
You hit the endoplasm.
The endoplasm is heavily wounded.
The endoplasm hits you but does no damage.
You hit the endoplasm.
You kill the endoplasm!
e - a +0 club You see here a goblin corpse.
A bat comes into view.
You hit the bat.
You kill the bat!
Found 6 stones.
You now have 56 gold pieces (gained 6).
Found a stone staircase leading down.
f - 2 fuming inky potions
Found a stone staircase leading up.
Enter note:
Enter note:
Enter note:
Enter note:
Enter note:
g - a fuming black potion Terence the Incautious comes into view.
He is wielding a +1 flail of venom.
Terence shouts!
You hit Terence but do no damage.
Terence hits you with a +1 flail of venom.
You are poisoned.
You hit Terence but do no damage.
Terence is poisoned.
You feel very sick.
Terence hits you with a +1 flail of venom!
You hit Terence but do no damage.
You feel sick.
Terence hits you with a +1 flail of venom.
You are more poisoned.
You closely miss Terence.
Terence is lightly wounded.
You feel very sick.
Terence hits you with a +1 flail of venom.
You die...

#####.... ##..............
....#....
#####.............##
......... ........<.....#....
........# .##...........#...#
......#. ...
.#.#######.###.#.# ......#..
#.. ...# #.# #.#.. ......##..
.. #..#######.. ..#.. ......#
#.##. #..<....##..####..
.....## #....###@@####.##..#
....## #............###.#
..#.## ##..........#..
.....########............
...#...##................#.#
####
..........#.........##.###.#
#..> ...###.###..##.####.# #
#.###.##
...###................ #.#..
#####...####>.........####...


You could see Terence (very poisoned).

Vanquished Creatures
  2 adders (D:2)
  A worm (D:2)
  2 ball pythons
  3 endoplasms
  2 goblins (D:2)
  8 hobgoblins
  2 quokkas
  2 bats
  3 frilled lizards
  3 kobolds
  4 rats (D:1)
32 creatures vanquished.

Vanquished Creatures (others)
  An endoplasm zombie (D:2)
1 creature vanquished.

Grand Total: 33 creatures vanquished

Notes
Turn   | Place    | Note
-------+----------+-------------------------------------------
     0 | D:1      | qw the Barachi Chaos Knight began the quest for the Orb.
     0 | D:1      | Reached XP level 1. HP: 18/18 MP: 1/1
     0 | D:1      | 0 ||| qw: Version: 0.1-a-108-g9e35731
     0 | D:1      | 0 ||| qw: Game counter: 6380
     0 | D:1      | 0 ||| qw: Always use a shield: true
     0 | D:1      | 0 ||| qw: God list: Okawaru
     0 | D:1      | 0 ||| qw: Allow faded altars: false
     0 | D:1      | 0 ||| qw: Do Orc after D:15 true
     0 | D:1      | 0 ||| qw: Do second Lair branch before Depths: true
     0 | D:1      | 0 ||| qw: Lair rune preference: random
     0 | D:1      | 0 ||| qw: Plans: Normal
     0 | D:1      | 0 ||| PLANNING D:1-11
     0 | D:1      | Fell from the grace of Xom
   181 | D:1      | 181 ||| Stepping ~*~*~tactically~*~*~ (stealth).
   182 | D:1      | 182 ||| Stepping ~*~*~tactically~*~*~ (stealth).
   183 | D:1      | 183 ||| Stepping ~*~*~tactically~*~*~ (stealth).
   186 | D:1      | 186 ||| Stepping ~*~*~tactically~*~*~ (stealth).
   187 | D:1      | 187 ||| Stepping ~*~*~tactically~*~*~ (stealth).
   188 | D:1      | 188 ||| Stepping ~*~*~tactically~*~*~ (stealth).
   193 | D:1      | Reached XP level 2. HP: 22/24 MP: 2/2
   216 | D:1      | 216 ||| Stepping ~*~*~tactically~*~*~ (stealth).
   217 | D:1      | 217 ||| Stepping ~*~*~tactically~*~*~ (stealth).
   218 | D:1      | 218 ||| Stepping ~*~*~tactically~*~*~ (stealth).
   224 | D:1      | Reached skill level 4 in Axes
   233 | D:1      | 233 ||| Stepping ~*~*~tactically~*~*~ (stealth).
   673 | D:1      | 673 ||| UPGRADING to +0 scale mail.
   683 | D:1      | 683 ||| DROPPING +2 leather armour.
   684 | D:1      | 684 ||| READING scroll labelled DICKO KASKO.
   685 | D:1      | 685 ||| READING scroll labelled ETWIGU RAQAUTZ.
   686 | D:1      | 686 ||| DRINKING 3 blue potions.
   687 | D:1      | 687 ||| DROPPING 2 potions of attraction.
   751 | D:2      | Reached XP level 3. HP: 28/29 MP: 3/3
   877 | D:2      | 877 ||| Stepping ~*~*~tactically~*~*~ (stealth).
   878 | D:2      | 878 ||| Stepping ~*~*~tactically~*~*~ (stealth).
   879 | D:2      | 879 ||| Stepping ~*~*~tactically~*~*~ (stealth).
   880 | D:2      | 880 ||| Stepping ~*~*~tactically~*~*~ (stealth).
   881 | D:2      | 881 ||| Stepping ~*~*~tactically~*~*~ (stealth).
   930 | D:2      | 930 ||| Stepping ~*~*~tactically~*~*~ (stealth).
   931 | D:2      | 931 ||| Stepping ~*~*~tactically~*~*~ (stealth).
   939 | D:2      | Reached skill level 5 in Axes
   946 | D:2      | 946 ||| Stepping ~*~*~tactically~*~*~ (stealth).
   948 | D:2      | You fall into a shaft and drop 1 floor!
   964 | D:3      | 964 ||| Stepping ~*~*~tactically~*~*~ (stealth).
  1013 | D:3      | 1013 ||| UPGRADING to +0 chain mail.
  1023 | D:3      | 1023 ||| DROPPING +0 scale mail.
  1024 | D:3      | 1024 ||| DROPPING ring of wizardry.
  1043 | D:3      | 1043 ||| UPGRADING to ring of protection from fire.
  1053 | D:2      | 1053 ||| Stepping ~*~*~tactically~*~*~ (stealth).
  1068 | D:2      | 1068 ||| Stepping ~*~*~tactically~*~*~ (stealth).
  1122 | D:2      | Noticed Terence
  1126 | D:2      | HP: 7/29 [Terence/+1 flail of venom (6)]
  1127 | D:2      | HP: 1/29 [poisoned by Terence]
  1127 | D:2      | Slain by Terence

Levels and vault maps discovered:
D:1:      mrwooster_arrival_statue_3, layout_basic, minmay_misc_feat_cross
D:2:      layout_rooms, minmay_misc_feat_square, uniq_jessica, uniq_terence
D:3:      layout_loops_ring, nicolae_hepliaklqana_monster_ancestors,
          basic_ecumenical_altar, kennysheep_generic_room_8

Skill      XL: |  1  2  3 |
---------------+----------+-----
Axes           | 4 5 |  5.2
Fighting       | |  3.6
Armour         | |  2.4
Dodging        | |  1.1

Action                   || total
-------------------------++-------
Melee: Hand axe          ||   105
Invok: Renounce Religion ||     1
  Use: Scroll            ||     2
       Potion            ||     1
 Stab: Confused          ||     2
Armor: Leather armour    ||     7
       Scale mail        ||    30
       Chain mail        ||     2
Dodge: Dodged            ||    34

Table legend:
 A = Non-vault XP
 B = Vault XP
 C = Vault XP percentage of total XP
 D = Non-vault monster count
 E = Vault monster count
 F = Vault count percentage of total count
                 A         B        C        D         E       F
            +---------+---------+-------+---------+---------+-------
      Total |      79 |       0 |   0.0 |      32 |       0 |   0.0
            +---------+---------+-------+---------+---------+-------
        D:1 |      19 |       0 |   0.0 |      12 |       0 |   0.0
        D:2 |      53 |       0 |   0.0 |      15 |       0 |   0.0
        D:3 |       7 |       0 |   0.0 |       5 |       0 |   0.0
            +---------+---------+-------+---------+---------+-------
